BSA
LOS CABOS CARTEL @ BIRMINGHAM STEELDOGS
08/09/2026
 
TOP OF THE 1ST
Los Cabos Cartel batting - Pitching for Birmingham Steeldogs : RHP Arthur Green
Pitching: RHP Arthur Green
Batting: LHB Willie Wallace 0-0: Ball
1-0: Ball
2-0: Foul Ball, location: 2F
2-1: Foul Ball, location: 2F
2-2: SINGLE (Line Drive, 4M)
Batting: SHB Julián Madrid 0-0: Ball
1-0: Ball
2-0: Called Strike
2-1: Ball
3-1: Swinging Strike
3-2: Fly out, F7 (Flyball, 78D)
Batting: LHB Luis González 0-0: Ground out 6-3 (Groundball, 6M)
Willie Wallace to second
Batting: LHB Miguel Rivería 0-0: Ball
1-0: Ground out 5-3 (Groundball, 5L)
Top of the 1st over - 0 run(s), 1 hit(s), 0 error(s), 1 left on base; Los Cabos 0 - Birmingham 0
BOTTOM OF THE 1ST
Birmingham Steeldogs batting - Pitching for Los Cabos Cartel : RHP Dillon Nelson
Pitching: RHP Dillon Nelson
Batting: RHB Nick Webb 0-0: Fly out, F7 (Flyball, 78M)
Batting: LHB Mitchell Oglethorpe 0-0: Ball
1-0: Called Strike
1-1: Foul Ball, location: 2F
1-2: Strikes out swinging
Batting: LHB Chris Miller 0-0: Foul Ball, location: 2F
0-1: Ball
1-1: Fly out, F7 (Flyball, 7LM)
Bottom of the 1st over - 0 run(s), 0 hit(s), 0 error(s), 0 left on base; Los Cabos 0 - Birmingham 0
TOP OF THE 2ND
Los Cabos Cartel batting - Pitching for Birmingham Steeldogs : RHP Arthur Green
Batting: RHB Stephen Wilson 0-0: Called Strike
0-1: Ball
1-1: SINGLE (Groundball, 4MD)
Batting: RHB Víctor Solano 0-0: Ball
1-0: Called Strike
1-1: Ball
2-1: Grounds into double play, 1-6-3 (Groundball, 15S)
Batting: RHB John Pick 0-0: Reached on error, E6 (Groundball, 6M)
Batting: RHB António Magana 0-0: Called Strike
0-1: Swinging Strike
0-2: Ground out 6-3 (Groundball, 6)
Top of the 2nd over - 0 run(s), 1 hit(s), 1 error(s), 1 left on base; Los Cabos 0 - Birmingham 0
BOTTOM OF THE 2ND
Birmingham Steeldogs batting - Pitching for Los Cabos Cartel : RHP Dillon Nelson
Batting: LHB Arturo Molina 0-0: Called Strike
0-1: Ball
1-1: Called Strike
1-2: Foul Ball, location: 2F
1-2: Ball
2-2: Foul Ball, location: 2F
2-2: Foul Ball, location: 2F
2-2: Foul Ball, location: 2F
2-2: Ball
3-2: Strikes out looking
Batting: RHB Eric Johnson 0-0: Called Strike
0-1: Called Strike
0-2: Ball
1-2: Foul Ball, location: 2F
1-2: Foul Ball, location: 2F
1-2: Strikes out swinging
Batting: LHB José Martínez 0-0: Called Strike
0-1: Foul Ball, location: 2F
0-2: Ball
1-2: Fly out, F2 (Popup, 23)
Bottom of the 2nd over - 0 run(s), 0 hit(s), 0 error(s), 0 left on base; Los Cabos 0 - Birmingham 0
TOP OF THE 3RD
Los Cabos Cartel batting - Pitching for Birmingham Steeldogs : RHP Arthur Green
Batting: RHB Ángel Garza 0-0: Ball
1-0: Ball
2-0: Ball
3-0: Called Strike
3-1: Reached on error, E4 (Groundball, 4)
Batting: LHB Willie Wallace 0-0: Called Strike
0-1: Called Strike
0-2: Fly out, F8 (Flyball, 8RM)
Batting: SHB Julián Madrid 0-0: Called Strike
0-1: Ball
Ángel Garza is caught stealing 2nd base
1-1: Foul Ball, location: 2F
1-2: Strikes out swinging
Top of the 3rd over - 0 run(s), 0 hit(s), 1 error(s), 0 left on base; Los Cabos 0 - Birmingham 0
BOTTOM OF THE 3RD
Birmingham Steeldogs batting - Pitching for Los Cabos Cartel : RHP Dillon Nelson
Batting: RHB Lorenzo Martínez 0-0: Ball
1-0: Fly out, F8 (Flyball, 8LXD)
Batting: RHB Carlos García 0-0: Ball
1-0: Ball
2-0: Called Strike
2-1: Ball
3-1: Called Strike
3-2: DOUBLE (Line Drive, 3D)
Batting: RHB Paço Ttes 0-0: SINGLE (Line Drive, 78S)
Carlos García to third
Runner from 3rd tries for Home, SAFE, no throw or cutoff
Batting: RHB Nick Webb 0-0: Called Strike
0-1: Ball
1-1: Called Strike
1-2: Ball
2-2: Foul Ball, location: 2F
2-2: Grounds into double play, 6-4-3 (Groundball, 6D)
Bottom of the 3rd over - 1 run(s), 2 hit(s), 0 error(s), 0 left on base; Los Cabos 0 - Birmingham 1
TOP OF THE 4TH
Los Cabos Cartel batting - Pitching for Birmingham Steeldogs : RHP Arthur Green
Batting: LHB Luis González 0-0: Called Strike
0-1: SINGLE (Groundball, 34D)
Batting: LHB Miguel Rivería 0-0: SINGLE (Line Drive, 8RS)
Luis González to second
Batting: RHB Stephen Wilson 0-0: Ball
1-0: Ball
2-0: Ball
3-0: Base on Balls
Luis González to third
Miguel Rivería to second
Batting: RHB Víctor Solano 0-0: Called Strike
0-1: Ball
1-1: Ball
2-1: Swinging Strike
2-2: Ball
3-2: Strikes out swinging
Batting: RHB John Pick 0-0: Ball
1-0: Ball
2-0: Fly out, F8 (Flyball, 8LM)
Runner from 3rd tags up, SCORES, throw made
Batting: RHB António Magana 0-0: Called Strike
0-1: Ball
1-1: Foul Ball, location: 2F
1-2: Ground out U3 (Groundball, 3L)
Top of the 4th over - 1 run(s), 2 hit(s), 0 error(s), 2 left on base; Los Cabos 1 - Birmingham 1
BOTTOM OF THE 4TH
Birmingham Steeldogs batting - Pitching for Los Cabos Cartel : RHP Dillon Nelson
Batting: LHB Mitchell Oglethorpe 0-0: Called Strike
0-1: Foul Ball, location: 2F
0-2: Fly out, F9 (Line Drive, 89S)
Batting: LHB Chris Miller 0-0: Foul Ball, location: 2F
0-1: Swinging Strike
0-2: Ball
1-2: Strikes out swinging
Batting: LHB Arturo Molina 0-0: Foul Ball, location: 2F
0-1: Fly out, F7 (Popup, 8LS)
Bottom of the 4th over - 0 run(s), 0 hit(s), 0 error(s), 0 left on base; Los Cabos 1 - Birmingham 1
TOP OF THE 5TH
Los Cabos Cartel batting - Pitching for Birmingham Steeldogs : RHP Arthur Green
Batting: RHB Ángel Garza 0-0: Swinging Strike
0-1: Ground out 4-3 (Groundball, 4)
Batting: LHB Willie Wallace 0-0: Ground out U3 (Groundball, 3)
Batting: SHB Julián Madrid 0-0: Ball
1-0: Called Strike
1-1: Foul Ball, location: 2F
1-2: SOLO HOME RUN (Flyball, 9LD), Distance : 362 ft
Batting: LHB Luis González 0-0: Ball
1-0: Ball
2-0: Called Strike
2-1: Ball
3-1: Base on Balls
Batting: LHB Miguel Rivería 0-0: Called Strike
0-1: Ball
1-1: Swinging Strike
1-2: Foul Ball, location: 2F
1-2: Strikes out swinging
Top of the 5th over - 1 run(s), 1 hit(s), 0 error(s), 1 left on base; Los Cabos 2 - Birmingham 1
BOTTOM OF THE 5TH
Birmingham Steeldogs batting - Pitching for Los Cabos Cartel : RHP Dillon Nelson
Batting: RHB Eric Johnson 0-0: Ball
1-0: Foul Ball, location: 2F
1-1: Ball
2-1: Ground out 4-3 (Groundball, 34)
Batting: LHB José Martínez 0-0: Called Strike
0-1: Ball
1-1: Ball
2-1: Swinging Strike
2-2: Strikes out swinging
Batting: RHB Lorenzo Martínez 0-0: Foul Ball, location: 2F
0-1: Called Strike
0-2: Strikes out swinging
Bottom of the 5th over - 0 run(s), 0 hit(s), 0 error(s), 0 left on base; Los Cabos 2 - Birmingham 1
TOP OF THE 6TH
Los Cabos Cartel batting - Pitching for Birmingham Steeldogs : RHP Arthur Green
Batting: RHB Stephen Wilson 0-0: Ball
1-0: Swinging Strike
1-1: Foul Ball, location: 2F
1-2: Ball
2-2: Ball
3-2: Foul Ball, location: 2F
3-2: Foul Ball, location: 2F
3-2: Ground out 5-3 (Groundball, 56S)
Batting: RHB Víctor Solano 0-0: Ball
1-0: Foul Ball, location: 2F
1-1: Foul Ball, location: 2F
1-2: Ball
2-2: Ground out 5-3 (Groundball, 56S)
Batting: RHB John Pick 0-0: Ball
1-0: Foul Ball, location: 2F
1-1: Fly out, F7 (Flyball, 7M)
Top of the 6th over - 0 run(s), 0 hit(s), 0 error(s), 0 left on base; Los Cabos 2 - Birmingham 1
BOTTOM OF THE 6TH
Birmingham Steeldogs batting - Pitching for Los Cabos Cartel : RHP Dillon Nelson
Batting: RHB Carlos García 0-0: Foul Ball, location: 2F
0-1: Ball
1-1: Called Strike
1-2: Foul Ball, location: 2F
1-2: Foul Ball, location: 2F
1-2: Strikes out swinging
Batting: RHB Paço Ttes 0-0: Ground out 5-3 (Groundball, 56)
Batting: RHB Nick Webb 0-0: Foul Ball, location: 2F
0-1: Called Strike
0-2: Ball
1-2: Ground out 5-3 (Groundball, 56)
Bottom of the 6th over - 0 run(s), 0 hit(s), 0 error(s), 0 left on base; Los Cabos 2 - Birmingham 1
TOP OF THE 7TH
Los Cabos Cartel batting - Pitching for Birmingham Steeldogs : RHP Arthur Green
Batting: RHB António Magana 0-0: Foul Ball, location: 2F
0-1: Swinging Strike
0-2: Ball
1-2: Strikes out swinging
Batting: RHB Ángel Garza 0-0: Called Strike
0-1: Foul Ball, location: 2F
0-2: Ball
1-2: Foul Ball, location: 2F
1-2: Strikes out swinging
Batting: LHB Willie Wallace 0-0: Ground out U3 (Groundball, 3S)
Top of the 7th over - 0 run(s), 0 hit(s), 0 error(s), 0 left on base; Los Cabos 2 - Birmingham 1
BOTTOM OF THE 7TH
Birmingham Steeldogs batting - Pitching for Los Cabos Cartel : RHP Dillon Nelson
Batting: LHB Mitchell Oglethorpe 0-0: Called Strike
0-1: Ball
1-1: Ball
2-1: Ball
3-1: Base on Balls
Batting: LHB Chris Miller 0-0: Ball
1-0: Called Strike
1-1: Called Strike
1-2: Ball
2-2: SINGLE (Groundball, 34D)
Mitchell Oglethorpe to second
Batting: LHB Arturo Molina 0-0: Grounds into double play, 6-4-3 (Groundball, 6)
Mitchell Oglethorpe to third
Pinch Hitting: LHB Ben Kelley 0-0: Foul Ball, location: 2F
0-1: Foul Ball, location: 2F
0-2: Ground out 5-3 (Groundball, 56)
Bottom of the 7th over - 0 run(s), 1 hit(s), 0 error(s), 1 left on base; Los Cabos 2 - Birmingham 1
TOP OF THE 8TH
Los Cabos Cartel batting - Pitching for Birmingham Steeldogs : RHP Arthur Green
Pitching: RHP César López
Now in LF: Ben Kelley
Batting: SHB Julián Madrid 0-0: Foul Ball, location: 2F
0-1: Foul Ball, location: 2F
0-2: Ball
1-2: SINGLE (Line Drive, 9S)
Batting: LHB Luis González 0-0: Ball
1-0: Called Strike
1-1: Swinging Strike
1-2: Ball
2-2: Fly out, F6 (Popup, 5D)
Batting: LHB Miguel Rivería 0-0: Ball
1-0: Called Strike
1-1: Foul Ball, location: 2F
1-2: Ball
2-2: Ball
3-2: Base on Balls
Julián Madrid to second
Batting: RHB Stephen Wilson 0-0: Ball
1-0: Foul Ball, location: 2F
1-1: Ball
2-1: Ball
3-1: Called Strike
3-2: Ground out 3-1 (Groundball, 34S)
Julián Madrid to third
Miguel Rivería to second
Pinch Hitting: LHB Manny Quiñones 0-0: Ground out 5-3 (Groundball, 56S)
Top of the 8th over - 0 run(s), 1 hit(s), 0 error(s), 2 left on base; Los Cabos 2 - Birmingham 1
BOTTOM OF THE 8TH
Birmingham Steeldogs batting - Pitching for Los Cabos Cartel : RHP Dillon Nelson
Now in RF: Wilbert Rodgers
Batting: LHB José Martínez 0-0: Foul Ball, location: 2F
0-1: Foul Ball, location: 2F
0-2: Strikes out swinging
Batting: RHB Lorenzo Martínez 0-0: Ball
1-0: Ball
2-0: Ball
3-0: Base on Balls
Pinch Hitting: RHB Valentín Borges 0-0: Fly out, F9 (Flyball, 89S)
Batting: RHB Paço Ttes 0-0: SINGLE (Line Drive, 7LS)
Lorenzo Martínez to second
Batting: RHB Nick Webb 0-0: Called Strike
0-1: Fly out, F9 (Flyball, 9LM)
Bottom of the 8th over - 0 run(s), 1 hit(s), 0 error(s), 2 left on base; Los Cabos 2 - Birmingham 1
TOP OF THE 9TH
Los Cabos Cartel batting - Pitching for Birmingham Steeldogs : RHP César López
Pitching: RHP David Simpson
Now at C: Valentín Borges
Batting: RHB John Pick 0-0: Swinging Strike
0-1: Ball
1-1: Fly out, F4 (Line Drive, 4)
Batting: RHB António Magana 0-0: Fly out, F8 (Flyball, 8RM)
Batting: RHB Ángel Garza 0-0: Ball
1-0: Ball
2-0: Foul Ball, location: 2F
2-1: Swinging Strike
2-2: Ball
3-2: Strikes out swinging
Top of the 9th over - 0 run(s), 0 hit(s), 0 error(s), 0 left on base; Los Cabos 2 - Birmingham 1
BOTTOM OF THE 9TH
Birmingham Steeldogs batting - Pitching for Los Cabos Cartel : RHP Dillon Nelson
Pitching: LHP Santiago González
Batting: LHB Mitchell Oglethorpe 0-0: Called Strike
0-1: Called Strike
0-2: Ball
1-2: Ball
2-2: Strikes out looking
Batting: LHB Chris Miller 0-0: Swinging Strike
0-1: Swinging Strike
0-2: Ball
1-2: Strikes out looking
Batting: LHB Arturo Molina 0-0: Swinging Strike
0-1: Foul Ball, location: 2F
0-2: Ball
1-2: Strikes out swinging
Bottom of the 9th over - 0 run(s), 0 hit(s), 0 error(s), 0 left on base; Los Cabos 2 - Birmingham 1
Monday, December 5th, 2016 - OOTP Baseball 17.12 Build 75